Cogmind - Beta 17 @@@ ROGUE MODE // 2026.08.05 @ 14:37:56 Player: Suffixing Result: Destroyed by Autobeam Turret with Autobeam Performance ------------- Evolutions (0) 0 Regions Visited (2) 400 Robots Destroyed (23) 115 Value Destroyed (520) 520 Prototype IDs (0) 0 Alien Tech Used (0) 0 Bonus (0) 0 TOTAL SCORE: 1035 Bonus ------- None Cogmind --------- Core Integrity 0/250 Matter 38/300 Energy 160/160 System Corruption 2% Temperature Cool (6) Movement Rolling (175) Ox5 Location -10/Subcaves Parts ------- > --- POWER (1) -------- Light Nuclear Core > --- PROPULSION (2) --- Light Treads Compact Wheel > --- UTILITY (2) ------ Huge Storage Unit > --- WEAPON (2) ------- Assault Rifle Light Assault Rifle > --- INVENTORY (25) --- Ion Engine Light Treads Light Treads Light Treads Light Treads Light Treads Subdweller Monowheel Large Storage Unit Small Laser Light Assault Rifle Grenade Launcher Multitool Peak State ------------ > --- POWER ------------ Light Nuclear Core > --- PROPULSION ------- Light Treads Light Treads > --- UTILITY ---------- Huge Storage Unit Light Armor Plating > --- WEAPON ----------- Subdweller Beam Cannon Light Assault Rifle > --- INVENTORY -------- Ion Engine Light Treads Light Treads Light Treads Light Treads Compact Wheel Large Storage Unit Small Laser Assault Rifle Light Assault Rifle Grenade Launcher Multitool [Rating: 11] Favorites ----------- Power Light Ion Engine Engine Light Ion Engine Power Core Light Nuclear Core Propulsion Light Treads Treads Light Treads Leg Aluminum Leg Wheel Compact Wheel Utility Light Armor Plating Storage Huge Storage Unit Protection Light Armor Plating Weapon Assault Rifle Energy Cannon Subdweller Beam Cannon Ballistic Gun Assault Rifle Launcher Grenade Launcher Build | -11 -10 -10 ------- Run | Yrd Mat Sub Slots Evolved . | . . . Power . | . . . Propulsion . | . . . Utility . | . . . Weapon . | . . . Parts Attached 18 | 3 7 8 Power 2 | . 1 1 Engine 1 | . 1 . Core 1 | . . 1 Reactor . | . . . Propulsion 5 | 2 1 2 Treads 4 | 2 1 1 Leg . | . . . Wheel 1 | . . 1 Hover . | . . . Flight . | . . . Utility 6 | . 4 2 Device . | . . . Storage 2 | . 2 . Processor . | . . . Hackware . | . . . Protection 4 | . 2 2 Artifact . | . . . Weapon 5 | 1 1 3 Energy Gun . | . . . Energy Cannon 1 | . . 1 Ballistic Gun 3 | 1 1 1 Ballistic Cannon . | . . . Launcher 1 | . . 1 Special Weapon . | . . . Impact Weapon . | . . . Slashing Weapon . | . . . Piercing Weapon . | . . . Special Melee Weapon . | . . . Unidentified Prototypes . | . . . Parts Lost 10 | . 3 7 Power 2 | . 1 1 Propulsion 2 | . 1 1 Utility 4 | . 1 3 Weapon 2 | . . 2 Highest Loss Streak 5 | . 2 5 To Critical Strikes . | . . . Average Backups 11 | 6 10 12 Power 1 | 1 1 1 Propulsion 3 | 4 2 5 Utility 2 | . 2 1 Weapon 3 | 1 2 3 Tool/Special . | . . . Unused Backups 10 | . 1 9 Power 1 | . . 1 Propulsion 5 | . . 5 Utility 1 | . 1 . Weapon 2 | . . 2 Tool/Special 1 | . . 1 Average Slot Usage (%) 96 | . 97 94 Engine 9 | . 13 2 Core 3 | . . 10 Treads 26 | . 27 26 Storage 14 | . 14 14 Protection 12 | . 13 12 Energy Cannon 2 | . . 6 Ballistic Gun 24 | . 28 19 Peak Build Rating 11 | 6 8 11 Average Rating 8 | 6 7 9 On Entrance 6 | 6 6 8 Avg Prop Armor Cover (%) 13 | . . 13 Naked Turns . | . . . Heaviest Build 99 | 11 90 99 Greatest Support 40 | 40 40 40 Greatest Overweight (x) 5 | . 2 5 Average Overweight (x) . | . . 2 Largest Inventory Capacity 25 | 8 25 25 Average Capacity 19 | 8 16 25 Most Carried 15 | 6 15 15 Average Carried 11 | 4 10 12 Final Capacity 25 | 8 25 25 Final Carried 15 | 2 15 12 Class Distribution -------------------- 100% | Mutant Dominant Class ---------------- Mutant | -10/Materials Mutant | -10/Subcaves Resources | -11 -10 -10 ----------- Run | Yrd Mat Sub Matter Collected 702 | 230 217 255 Remotely . | . . . Salvage Created 576 | . 386 190 Parts 50 | . 35 15 Haulers Intercepted 1 | . 1 . Recyclers Shooed . | . . . Parts Field Recycled . | . . . Retrieved Matter . | . . . Parts Self-Destructed 12 | . . 12 Prevented . | . . . Parts Restored . | . . . Kills | -11 -10 -10 ------- Run | Yrd Mat Sub Combat Hostiles Destroyed 19 | . 9 10 Guns 13 | . 9 4 AOE 6 | . . 6 Classes Destroyed 7 | . 6 1 Builder 1 | . 1 . Hauler 1 | . 1 . Operator 1 | . 1 . Watcher 1 | . 1 . Swarmer 9 | . 3 6 Grunt 8 | . 6 2 Subdweller 2 | . . 2 Best Kill Streak 4 | . 4 4 Combat Bots Only 4 | . 3 4 Max Kills in Single Turn 2 | . 1 2 Gunslinging . | . . . Exploded 2 | . . 2 Melee . | . . . Uniques/NPCs Destroyed . | . . . Combat | -11 -10 -10 -------- Run | Yrd Mat Sub Hostile Shots Fired 237 | . 69 168 Missed 79 | . 18 61 Hits 158 | . 51 107 Projectile 158 | . 51 107 Critical Strikes 1 | . 1 . Damage Taken 1762 | . 601 1161 Core 250 | . 53 197 Absorbed by Shields . | . . . Regen/Repaired (Parts) 83 | . 83 . Core Remaining (%) 100 | 100 . . Volleys Fired 99 | . 57 42 Largest 2 | . 2 2 Hottest 40 | . 40 40 Shots Fired 181 | . 114 67 Gun 164 | . 114 50 Cannon . | . . . Launcher 17 | . . 17 Special . | . . . Kinetic 164 | . 114 50 Thermal . | . . . Explosive 17 | . . 17 Electromagnetic . | . . . Robot Hit Streak 11 | . 10 11 Robot Miss Streak 3 | . 3 2 Penetration Max . | . . . Secondary Targets 4 | . 2 2 Max Gunslinging Chain 1 | . 1 1 Shots Hit Robots 119 | . 80 39 Core Hits 37 | . 24 13 Critical Kills . | . . . Critical Parts Destroyed . | . . . Critical Strikes . | . . . Melee Attacks . | . . . Impact . | . . . Slashing . | . . . Piercing . | . . . Sneak Attacks . | . . . Combat Hostiles . | . . . Follow-up Attacks . | . . . Damage Inflicted 1583 | . 857 726 Guns 1307 | . 843 464 Cannons . | . . . Explosions 262 | . . 262 Melee . | . . . Ramming 14 | . 14 . Kinetic 1307 | . 843 464 Thermal . | . . . Explosive 262 | . . 262 Electromagnetic . | . . . Impact . | . . . Slashing . | . . . Piercing . | . . . Highest Corruption 2 | . 2 2 Average Corruption 2 | . 2 2 Corruption Purged . | . . . Corruption Blocked . | . . . Effects 21 | . 13 8 Message Errors 7 | . 6 1 Matter Fused 4 | . 2 2 Heat Flow Errors 4 | . 3 1 Energy Discharges 2 | . 1 1 Data Loss (minor) 3 | . 1 2 Data Loss (major) 1 | . . 1 Overload Shots . | . . . Overflow Damage . | . . . Projectiles . | . . . Explosions . | . . . Melee . | . . . Knockbacks . | . . . Impact . | . . . Kinetic . | . . . Secondary . | . . . Self-Inflicted Damage . | . . . Shots . | . . . Rammed 2 | . 2 . Targets Rammed 4 | . 4 . Kicked . | . . . Crushed 2 | . 2 . Highest Temperature 264 | . 243 264 Average Temperature 58 | . 53 129 Received Heat Transfer 846 | . 285 561 Siege Activations . | . . . Martial Activations . | . . . Shielding Activations . | . . . Robots Disrupted . | . . . Combat Hostiles . | . . . Robots Corrupted . | . . . Combat Hostiles . | . . . Parts Fried . | . . . Impact Corruptions . | . . . Robots Melted . | . . . Combat Hostiles . | . . . Parts Melted 1 | . . 1 Heat Transferred . | . . . Parts Sabotaged . | . . . Parts Stolen . | . . . Parts Stripped . | . . . Power Chain Reactions . | . . . Alert | -11 -10 -10 ------- Run | Yrd Mat Sub Maximum Alert Level . | . . . Low Security (%) 100 | 100 100 . Level 1 . | . . . Level 2 . | . . . Level 3 . | . . . Level 4 . | . . . Level 5 . | . . . High Security . | . . . Max Security . | . . . Peak Influence 80 | . 80 . Initial . | . . . Average 19 | . 20 . Influence Increases 583 | . 283 300 Destroy 0b10 Robot/C 340 | . 180 160 Destroy 0b10 Robot/NC 20 | . 20 . Destroy Leader 64 | . 44 20 Successful Hack 24 | . 24 . Lose Combat Pursuer 135 | . 15 120 Influence Decreases 425 | . 283 142 Time Decay 385 | . 263 122 Lost Part 40 | . 20 20 Squads Dispatched 1 | . 1 . Investigation . | . . . Extermination . | . . . Reinforcement 1 | . 1 . Assault . | . . . Garrison . | . . . Intercept . | . . . Searches Triggered . | . . . Construction Impeded . | . . . Haulers Reinforced . | . . . Active Scanning Responses . | . . . Cargo Convoy Interrupts . | . . . Stealth | -11 -10 -10 --------- Run | Yrd Mat Sub Distress Signals 2 | . 2 . Communications Jammed . | . . . Distress Signals . | . . . Times Spotted 34 | . 19 15 Peak Tracking Total 5 | . 4 5 Tactical Retreats 5 | . 1 4 Traps | -11 -10 -10 ------- Run | Yrd Mat Sub Traps Triggered 1 | . 1 . Indirectly . | . . . Trap Hack Attempts . | . . . Triggered . | . . . Disarmed . | . . . Reprogrammed . | . . . Reused . | . . . Traps Extracted . | . . . Installed . | . . . Triggered . | . . . Machines | -11 -10 -10 ---------- Run | Yrd Mat Sub Machines Disabled 2 | . . 2 Max in Single Turn 1 | . . 1 Machines Repaired . | . . . Machines Dismantled . | . . . Machines Sabotaged . | . . . Overloaded Fab Kills . | . . . Hacking | -11 -10 -10 --------- Run | Yrd Mat Sub Machines Accessed 1 | . 1 . Terminals . | . . . Fabricators . | . . . Repair Stations 1 | . 1 . Recycling Units . | . . . Scanalyzers . | . . . Garrison Access . | . . . Total Hacks 2 | . 2 . Successful 2 | . 2 . Failed . | . . . Catastrophic . | . . . Database Lockouts . | . . . Manual . | . . . Terminals . | . . . Fabricators . | . . . Repair Stations 2 | . 2 . Recycling Units . | . . . Scanalyzers . | . . . Garrison Access . | . . . Terminal Hacks . | . . . Fabricator Hacks . | . . . Repair Station Hacks 2 | . 2 . Scan Component 1 | . 1 . Repair 1 | . 1 . Recycling Unit Hacks . | . . . Scanalyzer . | . . . Garrison Access Hacks . | . . . Unauthorized Hacks . | . . . Terminals . | . . . Fabricators . | . . . Repair Stations . | . . . Recycling Units . | . . . Scanalyzers . | . . . Garrison Access . | . . . Data Cores Recovered . | . . . Used . | . . . Hacking Detections 1 | . 1 . Full Trace Events . | . . . Feedback Events . | . . . Feedback Blocked . | . . . Robot Schematics Acquired . | . . . Robots Built . | . . . Authchips . | . . . Time . | . . . Total Robot Build Rating . | . . . Part Schematics Acquired . | . . . Parts Built . | . . . Authchips . | . . . Time . | . . . Total Part Build Rating . | . . . Part Studies Acquired . | . . . Parts Repaired 1 | . 1 . Time 13 | . 13 . Parts Recycled . | . . . Recycled Matter . | . . . Retrieved Matter . | . . . Retrieved Components . | . . . Parts Scanalyzed . | . . . Part Schematics Acquired . | . . . Parts Damaged . | . . . Bothacking | -11 -10 -10 ------------ Run | Yrd Mat Sub Used RIF Installer . | . . . Robots Hacked . | . . . Non-combat . | . . . Combat . | . . . Robot Hacks Applied . | . . . Relay Couplers Released . | . . . Fabnet Peak Effective % . | . . . Robots Rewired . | . . . Allies Hacked . | . . . Hacks Repelled . | . . . Allies | -11 -10 -10 -------- Run | Yrd Mat Sub Total Allies . | . . . Largest Group . | . . . Highest-Rated Group . | . . . Highest-Rated Ally . | . . . Total Orders . | . . . Ally Attacks . | . . . Total Damage . | . . . Kills . | . . . Allies Corrupted . | . . . Allies Melted . | . . . Intel | -11 -10 -10 ------- Run | Yrd Mat Sub Active Infowar (turns) . | . . . Robot Analysis Total . | . . . Derelict Logs Recovered . | . . . Drone Launches . | . . . Drone Recoveries . | . . . Exploration | -11 -10 -10 ------------- Run | Yrd Mat Sub Turns Passed 1789 | 9 1175 605 Spaces Moved 625 | 2 475 148 Core . | . . . Treads 621 | 2 475 144 Legs . | . . . Wheels 4 | . . 4 Hover . | . . . Flight . | . . . Fastest Speed 160 | 160 160 175 Average Speed 226 | 160 196 321 Slowest Speed 480 | 160 320 480 Overloaded Moves . | . . . Propulsion Burnouts . | . . . Robots Hopped . | . . . Potential Cave-ins . | . . . Cave-ins Triggered . | . . . Exploration Rate (%) 31 | 2 78 14 Regions Visited 2 Branch Regions 1 Pre-discovered Areas . | . . . Known Exits Taken . | . . . Unknown Exits Taken 2 | 1 1 . Scrap Searched . | . . . Spaces Dug . | . . . Terrain Destroyed 69 | . . 69 Melee . | . . . Projectile . | . . . AOE 69 | . . 69 Terrain Rammed . | . . . Walls Destroyed . | . . . Machines Disabled . | . . . Actions | -11 -10 -10 --------- Run | Yrd Mat Sub Total 826 | 8 610 208 Wait 47 | . 47 . Move 623 | 1 474 148 Hop . | . . . Pick Up 22 | . 19 3 Fast Attach . | . . . Attach 10 | . 4 6 Detach . | . . . Swap 16 | 3 4 9 Drop 5 | 4 1 . Fire 99 | . 57 42 Melee . | . . . Ram . | . . . Kick . | . . . Crush 4 | . 4 . Escape Stasis . | . . . Rewire . | . . . Trap . | . . . Miscellaneous . | . . . Route ------- -11/Scrapyard -10/Materials (discovered 4 exits: [*Mat x2] / [*Min] / [*Sub]) -10/Subcaves (discovered 1 exit: [*Rec]) History --------- Turn | Location | Event 8 | -11/Scrapyard | Discovered new exit (range 1) 10 | -11/Scrapyard | Entered Materials 303 | -10/Materials | Discovered new exit (range 5) 309 | -10/Materials | Build established: Mutant 402 | -10/Materials | Discovered new exit (range 16) 814 | -10/Materials | Discovered new exit (range 14) 910 | -10/Materials | Repaired Assault Rifle 1150 | -10/Materials | Discovered new exit (range 8) 1185 | -10/Materials | Entered Subcaves 1302 | -10/Subcaves | Core integrity fell below 50% 1324 | -10/Subcaves | Lost 5 parts (1p1n2u1w) 1605 | -10/Subcaves | Shifting Twisted Machinery released Slug Cannon 1775 | -10/Subcaves | Core integrity fell below 20% 1789 | -10/Subcaves | Discovered new exit (range 14) 1790 | -10/Subcaves | Destroyed by Autobeam Turret with Autobeam Last Messages --------------- 01638_ Acquired 4 matter. 01651_ System corrupted: Substantial component data lost. 01672_ Machine disabled. 01672_ S-10 Pest destroyed. 01674_ The unstable cave ceiling collapses. 01675_ System corrupted: Component data lost. 01678_ Flight Unit fries itself beyond repair. 01679_ Lgt. Assault Rifle fries itself beyond repair. 01679_ The unstable cave ceiling collapses. 01680_ S-10 Pest destroyed. 01712_ Lgt. Armor Plating destroyed. 01714_ Sub. Beam Cannon destroyed. 01729_ Machine disabled. 01734_ System corrupted: Energy discharge (-60). 01737_ The unstable cave ceiling collapses. 01757_ System corrupted: Matter fused (-7). 01772_ The unstable cave ceiling collapses. 01789_ EXIT=FOUND Map ----- +----------------------------------------------------+ | ??????????????????????????????????????????# | | ??????????????????????????????????????????# ## | | ??????????????????????????????????????????# ?## | | ?????????????????????????????????????????## #?# | | ????????????????????????????????????????## #?# | | ????????????????????????????????????????# !### | | ??????????????????????????????????? ????# &%& | | ?????????????????????????????????? ????# # | | ??????????????????????##?????????? #??# ### | | ?????????????????????" "??????????# ?# #??## | | ?????????????????????"" ??????????# #????# | | ?????????????????????"""??????????# #?????# | | ?????????????????????#"]#?????????# #??????# | | ?????????????????????# ####??????# #??????## | | ?????????????????????# " ##?????## #???????# | | ????????????????????## " ##?????# ##??###### | | ??????????????????###""" ##????## ##?# #?## | | ??????????????????#""" ##?????# ### ##?## | | ??????????????????# ####### #### | | ??????????????????# ## | | ?????????????????## | | ????????????????## # | | ????????????????# #### ## ##### # | | ????????????????# # #######???# | | ????????????????## ## #????????# | | ????????????????## ##@ %"""?????####### | | ????????????????## #### "#??????????# | | ????????????????# #??# "#??????????? | | ???????????????# % t""#??????????? | | ????????????